 Dungeon Crawl Stone Soup version 0.17.0-26-gececa24 (webtiles) character file.

585 Raultor the Changer (level 7, -1/43 HPs)
             Began as an Octopode Transmuter on Nov 19, 2015.
             Was a Follower of Makhleb.
             Shot with an arrow by a centaur (14 damage)
             ... on level 8 of the Dungeon.
             The game lasted 00:11:13 (3800 turns).

Raultor the Changer (Octopode Transmuter)           Turns: 3800, Time: 00:11:13

Health: -1/43      AC:  1    Str: 12    XL:     7   Next: 37%
Magic:  10/10      EV: 12    Int: 15    God:    Makhleb [*.....]
Gold:   323        SH:  0    Dex: 12    Spells: 3 memorised, 2 levels left

rFire  . . .     SeeInvis .       - Unarmed
rCold  . . .     Clarity  .     (no shield)
rNeg   . . .     SustAt   .     (helmet restricted)
rPois  .         Gourm    .     (no amulet)
rElec  .         Spirit   .     (no ring)
rCorr  .         Warding  .     (no ring)
rMut   .         Stasis   .     (no ring)
MR     .....                    (no ring)
Stlth  ++........               (no ring)
                                (no ring)
                                (no ring)
                                (no ring)

@: not resistant to hostile enchantments, unstealthy
A: almost no armour, amphibious, 8 rings, constrict 8, camouflage 1, gelatinous
body 1
a: Renounce Religion


You were on level 8 of the Dungeon.
You worshipped Makhleb.
Makhleb was aware of your devotion.
You were not hungry.

You visited 1 branch of the dungeon, and saw 6 of its levels.

You collected 323 gold pieces.

Inventory:

Missiles
 h - 121 stones (quivered)
Jewellery
 m - an uncursed amulet of regeneration
Wands
 w - a wand of lightning (5)
Scrolls
 a - a scroll of amnesia {unknown}
 e - a scroll of blinking {unknown}
 g - 7 scrolls of identify {unknown}
 k - a scroll of teleportation {unknown}
 o - a scroll of fear {unknown}
 p - a scroll of remove curse {unknown}
 s - a scroll of magic mapping {unknown}
 t - 2 scrolls of noise {unknown}
 v - a scroll of recharging {unknown}
Potions
 d - a potion of agility
 f - 2 potions of flight {unknown}
 j - a potion of magic {unknown}
 n - a potion of mutation {unknown}
 q - 2 potions of lignification {unknown}
 r - a potion of might {unknown}
 u - a potion of berserk rage {unknown}
 x - a potion of degeneration {unknown}
Books
 b - a book of Changes

   Spells                             Type                      Level
   a - Beastly Appendage              Transmutation                1
   b - Sticks to Snakes               Transmutation                2
   c - Spider Form                    Transmutation/Poison         3
   d - Ice Form                       Ice/Transmutation            4
   e - Blade Hands                    Transmutation                5
Comestibles
 c - 2 bread rations
 i - a royal jelly
 l - 6 chunks of flesh


   Skills:
 - Level 1.0 Fighting
 - Level 2.0 Dodging
 - Level 3.0 Unarmed Combat
 - Level 2.0 Spellcasting
 + Level 7.0 Transmutations
 * Level 3.3 Ice Magic


You had 2 spell levels left.
You knew the following spells:

 Your Spells              Type           Power        Failure   Level  Hunger
a - Beastly Appendage     Trmt           ###...       1%          1    #......
b - Spider Form           Trmt/Pois      ##........   17%         3    ###....
c - Ice Form              Ice/Trmt       ###.....     28%         4    #####..


Dungeon Overview and Level Annotations

Branches:
Dungeon (8/15)
 Temple: D:4-7         Lair: D:8-11

Altars:
Makhleb

Shops:
D:5 [

Annotations:
D:3 Raultor's ghost, amateur OpTm


Innate Abilities, Weirdness & Mutations

You cannot wear most types of armour.
You are amphibious.
You can wear up to eight rings at the same time.
You can use your tentacles to constrict eight enemies at once.
Your skin changes colour to match your surroundings (Stealth).
Your rubbery body absorbs attacks (AC +1).


Message History

HP restored.
Found a short sword.
Found a stone staircase leading up.
You see here a short sword.
t - 2 scrolls labeled SILAOSKANYWN (gained 1)
x - a blue potion You fall through a shaft for 3 floors!
The shaft crumbles and collapses.
A centaur, a shadow imp and a zombie come into view.
Found a stone staircase leading up.
The shadow imp shouts!
The centaur shouts!
The centaur moves out of view.
The centaur wields a shortbow.
The centaur shoots an arrow.
The arrow hits you!
You see here an arrow.
The centaur shoots an arrow.
The arrow hits you!
* * * LOW HITPOINT WARNING * * *
Found a stone staircase leading down.
You see here an arrow.
The centaur shoots an arrow.
The arrow hits you!
You die...

##....## #......##
#.......#######
#...5.5c......#
#......#......# .
#.....Z###.....# ...
..########.(...#....
#......(.......
........@.......
###........##...
.....#....# ..
###......#.#
........#.#
#....##.... ....#
.....> ..# ... ...


You could see a centaur.

Vanquished Creatures
  Grinder (D:3)
  An ogre (D:4)
  A crimson imp (D:5)
  2 hounds
  Ijyb (D:2)
  A worker ant (D:4)
  A hound skeleton (D:4)
  5 adders
  3 worms
  A giant gecko (D:2)
  13 orcs
  8 bats
  5 giant cockroaches
  10 hobgoblins
  9 kobolds
  A quokka (D:5)
  A ball python (D:2)
  5 giant newts
  7 goblins
  4 rats
  A fungus (D:4)
81 creatures vanquished.

Notes
Turn   | Place    | Note
--------------------------------------------------------------
     0 | D:1      | Raultor the Octopode Transmuter began the quest for the Orb.
     0 | D:1      | Reached XP level 1. HP: 13/13 MP: 3/3
   264 | D:1      | Reached XP level 2. HP: 15/18 MP: 3/5
  1151 | D:2      | Reached XP level 3. HP: 23/23 MP: 6/6
  1527 | D:2      | Noticed Ijyb
  1534 | D:2      | Learned a level 3 spell: Spider Form
  1548 | D:2      | Reached skill level 4 in Transmutations
  1549 | D:2      | Killed Ijyb
  1549 | D:2      | Reached XP level 4. HP: 23/28 MP: 4/7
  1989 | D:3      | Noticed Grinder
  2000 | D:3      | Paralysed by Grinder for 4 turns
  2004 | D:3      | HP: 1/28 [Grinder (2)]
  2013 | D:3      | Killed Grinder
  2013 | D:3      | Reached skill level 6 in Transmutations
  2013 | D:3      | Reached XP level 5. HP: 3/33 MP: 3/8
  2013 | D:3      | Reached XP level 6. HP: 3/38 MP: 3/9
  2128 | D:3      | Learned a level 4 spell: Ice Form
  2182 | D:3      | Found a burning altar of Makhleb.
  2190 | D:3      | Became a worshipper of Makhleb the Destroyer
  2208 | D:3      | Reached skill level 1 in Ice Magic
  2457 | D:3      | Noticed Raultor's ghost (amateur OpTm)
  3420 | D:4      | Reached skill level 7 in Transmutations
  3420 | D:4      | Reached XP level 7. HP: 43/43 MP: 3/10
  3607 | D:5      | Entered Level 5 of the Dungeon
  3695 | D:5      | Reached * piety under Makhleb
  3714 | D:5      | Found Utuanod's Armour Boutique.
  3794 | D:5      | You fall through a shaft for 3 floors!
  3800 | D:8      | Shot with an arrow by a centaur

Action                   |  1- 3 |  4- 6 |  7- 9 || total
-------------------------+-------+-------+-------++-------
Melee: Unarmed           |    71 |   152 |    27 ||   250
 Cast: Beastly Appendage |     6 |     1 |       ||     7
       Spider Form       |     1 |    11 |     2 ||    14
  Use: Potion            |       |     2 |       ||     2
 Stab: Sleeping          |     3 |     7 |     1 ||    11
  Eat: Chunk             |     2 |     6 |     2 ||    10
       Royal jelly       |       |     1 |       ||     1
